 Dungeon Crawl Stone Soup version 0.27.1-4-g1640c2035a (webtiles) character file.

Game seed: 12584274914104634616

877 pkoi the Slasher (level 7, -2/57 HPs)
             Began as a Minotaur Fighter on Nov 9, 2021.
             Was a Priest of Lugonu.
             Engulfed by a cloud of steam (3 damage)
             ... on level 6 of the Dungeon.
             The game lasted 00:04:35 (3761 turns).

pkoi the Slasher (Minotaur Fighter)                 Turns: 3761, Time: 00:04:35

Health: -2/57      AC: 12    Str: 22    XL:     7   Next: 75%
Magic:  18/18      EV:  8    Int:  5    God:    Lugonu [***...]
Gold:   262        SH: 10    Dex: 10    Spells: 6/6 levels left

rFire    . . .     SeeInvis +   f - +7 long sword (holy)
rCold    . . .     Faith    .   c - +0 kite shield
rNeg     . . .     Spirit   .   k - +1 scale mail {rPois}
rPois    +         Reflect  .   (helmet restricted)
rElec    .         Harm     .   j - +2 cloak
rCorr    .         Rampage  .   x - +0 pair of gloves
Will     .....                  (no boots)
Stlth    ..........             (no amulet)
HPRegen  0.19/turn              q - ring of see invisible
MPRegen  0.16/turn              z - ring of magical power

@: studying Long Blades
A: horns 2, retaliatory headbutt
a: Renounce Religion, Depart the Abyss, Bend Space, Banish


You were on level 6 of the Dungeon.
You worshipped Lugonu.
Lugonu was most pleased with you.
You visited 1 branch of the dungeon, and saw 7 of its levels.
You also visited: Sewer.

You collected 262 gold pieces.

Inventory:

Hand Weapons
 a - a +0 long sword
 f - a +7 long sword of holy wrath (weapon)
Missiles
 w - 18 poisoned darts (quivered)
Armour
 c - a +0 kite shield (worn)
 j - a +2 cloak (worn)
 k - a +1 scale mail of poison resistance (worn)
 x - a +0 pair of gloves (worn)
Jewellery
 q - a ring of see invisible (left hand)
 s - a ring of ice
 z - a ring of magical power (right hand)
 C - a ring of magical power
Wands
 y - a wand of paralysis (9)
Scrolls
 h - 4 scrolls of identify
 n - 2 scrolls of vulnerability
 r - a scroll of teleportation
 v - a scroll of enchant weapon
Potions
 b - a potion of mutation {unknown}
 d - 2 potions of might
 e - a potion of lignification
 g - a potion of heal wounds {unknown}
 i - 2 potions of attraction {unknown}
 l - a potion of magic {unknown}
 m - a potion of brilliance {unknown}
 o - a potion of degeneration {unknown}
 p - a potion of resistance {unknown}
 u - a potion of cancellation {unknown}
 B - 3 potions of curing {unknown}
 D - a potion of haste


   Skills:
 - Level 3.6 Fighting
 + Level 7.3 Long Blades
 - Level 3.6 Armour
 + Level 6.8 Shields
 + Level 4.1 Invocations
 + Level 3.0 Evocations


You had 6 spell levels left.
You didn't know any spells.
Your spell library contained the following spells:

 Spells                   Type           Power      Damage    Failure   Level
 Corona                   Hex            0%         N/A       99%         1
 Summon Small Mammal      Summ           0%         N/A       99%         1
 Ensorcelled Hibernation  Hex/Ice        0%         N/A       99%         2
 Call Canine Familiar     Summ           0%         N/A       100%        3
 Summon Guardian Golem    Hex/Summ       0%         N/A       100%        3
 Tukima's Dance           Hex            0%         N/A       100%        3


Dungeon Overview and Level Annotations

Branches:
Dungeon (7/15)              Sewer (visited)
 Temple: D:4-7

Altars:
Lugonu

Annotations:
D:4 2 transporters


Innate Abilities, Weirdness & Mutations

You have a pair of horns on your head.
You reflexively headbutt those who attack you in melee.


Message History

The steam dragon is moderately wounded.
You block the steam dragon's attack.
You hit the steam dragon.
The steam dragon is moderately wounded.
The steam dragon barely misses you. You furiously retaliate!
You headbutt the steam dragon, but do no damage.
The steam dragon closely misses you. The steam dragon bites you.
* * * LOW HITPOINT WARNING * * *
The steam dragon barely misses you.
You slash the steam dragon!
The steam dragon is heavily wounded.
The steam dragon bites you but does no damage.
The steam dragon barely misses you.
Unknown command.
You closely miss the steam dragon.
The orc shouts!
Your headbutt misses the steam dragon.
The steam dragon is heavily wounded.
The steam dragon breathes steam at you. The ball of steam misses you.
Unknown command.
You slash the steam dragon!
You headbutt the steam dragon, but do no damage.
The steam dragon is almost dead.
You are engulfed in a cloud of scalding steam.
* * * LOW HITPOINT WARNING * * *
You block the steam dragon's attack.
The steam dragon claws you but does no damage.
You closely miss the steam dragon.
The steam dragon is almost dead.
You are engulfed in a cloud of scalding steam.
The steam dragon bites you!
* * * LOW HITPOINT WARNING * * *
The steam dragon claws you but does no damage.
Unknown command.
You slash the steam dragon!
You kill the steam dragon!
Lugonu accepts your kill.
You are engulfed in a cloud of scalding steam.
You die...

#..#
#[.#
#o>#
##.#
#§#
#.#
#.#
#§#
#@#
#§#
#.#
#.#
#.#
..#
###


There were no monsters in sight!

Vanquished Creatures
  A steam dragon (D:6)
  Menkaure (D:4)
  A water moccasin (Sewer)
  An ice beast (D:7)
  2 scorpions (D:4)
  3 wights
  2 iguanas (D:4)
  Natasha (thrice) (D:4)
  2 orc wizards
  A killer bee zombie (D:4)
  A hound skeleton (D:4)
  4 gnolls (D:3)
  3 adders
  A river rat (D:3)
  A white imp (D:4)
  A dart slug (D:3)
  3 orcs
  7 endoplasms
  7 giant cockroaches
  5 goblins
  7 hobgoblins
  4 jackals
  11 kobolds
  2 quokkas
  5 ball pythons
  5 bats
  2 rats (D:1)
86 creatures vanquished.

Notes
Turn   | Place    | Note
-------+----------+-------------------------------------------
     0 | D:1      | pkoi the Minotaur Fighter began the quest for the Orb.
     0 | D:1      | Reached XP level 1. HP: 19/19 MP: 0/0
   655 | D:1      | Found a faded altar of an unknown god.
   659 | D:1      | Reached skill level 3 in Long Blades
   659 | D:1      | Reached XP level 2. HP: 25/26 MP: 1/1
   667 | D:1      | Became a worshipper of Lugonu the Unformed
   667 | D:1      | Reached * piety under Lugonu
   667 | D:1      | Reached ** piety under Lugonu
  1175 | D:2      | Reached XP level 3. HP: 31/31 MP: 2/2
  1547 | D:3      | Found a glowing drain.
  1564 | Sewer    | Entered a sewer
  1606 | Sewer    | Reached skill level 1 in Invocations
  1661 | Sewer    | Noticed a water moccasin
  1668 | Sewer    | Killed a water moccasin
  1669 | Sewer    | Reached skill level 4 in Long Blades
  1669 | Sewer    | Reached skill level 5 in Shields
  1669 | Sewer    | Reached XP level 4. HP: 29/39 MP: 2/4
  1669 | Sewer    | Reached XP level 5. HP: 34/45 MP: 2/5
  2390 | D:3      | Reached *** piety under Lugonu
  2915 | D:4      | Identified a scroll of acquirement
  2915 | D:4      | Acquired a manual of Long Blades
  2937 | D:4      | Reached skill level 5 in Long Blades
  2937 | D:4      | Reached skill level 1 in Evocations
  2937 | D:4      | Reached XP level 6. HP: 46/51 MP: 7/7
  2940 | D:4      | Found a transporter.
  3092 | D:4      | Noticed Menkaure
  3099 | D:4      | Killed Menkaure
  3100 | D:4      | Reached skill level 6 in Long Blades
  3100 | D:4      | Reached XP level 7. HP: 57/57 MP: 8/8
  3232 | D:4      | Noticed Natasha
  3237 | D:4      | Killed Natasha
  3298 | D:4      | Found a transporter.
  3344 | D:4      | Noticed Natasha
  3350 | D:4      | Killed Natasha
  3387 | D:4      | Noticed Natasha
  3394 | D:4      | Killed Natasha
  3579 | D:5      | Entered Level 5 of the Dungeon
  3586 | D:5      | You fall into a shaft and drop 2 floors!
  3624 | D:7      | Reached skill level 7 in Long Blades
  3751 | D:6      | Noticed a steam dragon
  3760 | D:6      | HP: 1/57 [steam dragon (9)]
  3761 | D:6      | Killed a steam dragon
  3761 | D:6      | Engulfed by a cloud of steam

Illustrated notes

Levels and vault maps discovered:
D:1:      arrival_zaba_pyramid, layout_basic,
          hellmonk_ecumenical_altar_prayer_group
D:2:      layout_basic, st_stairs_13
D:3:      layout_basic, cheibrodos_sewer_entry_sluice
D:4:      gammafunk_steamed_eel, layout_rooms,
          minmay_fractal_squares_diagonal_5, uniq_menkaure, uniq_natasha
D:5:      layout_basic, st_stairs_4, grunt_ministairs_4, lemuel_flame_loot_1,
          uniq_grinder, uniq_ijyb, uniq_sigmund
D:6:      layout_basic, mainiacjoe_overflow_swirl, serial_shops,
          nicolae_shop_crystal, kennysheep_mini_moat, nicolae_shop_gadgets
D:7:      layout_rooms, temple_statues

Skill      XL: |  1  2  3  4  5  6  7 |
---------------+----------------------+-----
Shields        | 4 5 6 |  6.8
Long Blades    | 3 4 5 6 7 |  7.3
Invocations    | 2 3 4 |  4.1
Evocations     | 1 2 3 |  3.0
Fighting       | |  3.6
Armour         | |  3.6

Action                   |  1- 3 |  4- 6 |  7- 9 || total
-------------------------+-------+-------+-------++-------
Melee: Long sword        |    53 |    62 |    51 ||   166
       Headbutt          |    11 |     9 |     5 ||    25
  Use: Scroll            |     2 |     7 |     1 ||    10
Armor: Scale mail        |    23 |    32 |    22 ||    77
Dodge: Dodged            |    22 |    17 |    15 ||    54
Block: Kite shield       |    38 |    37 |    19 ||    94
       Rpst.: Long sword |     8 |     5 |     4 ||    17
